 Dungeon Crawl Stone Soup version 0.30-a0-823-geb93a13fce (webtiles) character file.

Game seed: 14142439484881160312

1621 hikkokomori the Fighter (level 8, -2/79 (88) HPs)
             Began as an Ogre Conjurer on Feb 27, 2023.
             Slain by a wight
             ... wielding a +0 spear
              (3 damage)
             ... on level 7 of the Dungeon.
             The game lasted 00:12:46 (7890 turns).

hikkokomori the Fighter (Ogre Conjurer)             Turns: 7890, Time: 00:12:46

HP:   -2/79 (88)    AC:  3    Str: 14    XL:     8   Next: 96%
MP:   1/13          EV:  9    Int: 19    God:
Gold: 248           SH:  0    Dex:  7    Spells: 7/14 levels left

rFire   . . .      SeeInvis .    B - +3 war axe
rCold   . . .      Faith    .    (no shield)
rNeg    . . .      Spirit   .    a - +0 robe
rPois   .          Reflect  .    (helmet restricted)
rElec   .          Harm     .    (no cloak)
rCorr   .          Rampage  .    (gloves unavailable)
Will    .....                    (boots unavailable)
Stlth   +                        (no amulet)
HPRegen 0.33/turn                (no ring)
MPRegen 0.13/turn                (no ring)

@: heavily drained, invisible
A: large, unfitting armour, tough skin 1
a: no special abilities


You were on level 7 of the Dungeon.
You visited 1 branch of the dungeon, and saw 7 of its levels.

You collected 395 gold pieces.
You spent 147 gold pieces at shops.

Inventory:

Hand Weapons
 e - a +0 club
 o - a +0 war axe
 p - a +0 broad axe
 B - a +3 war axe (weapon)
Missiles
 c - 60 stones
 q - a curare-tipped dart
Armour
 a - a +0 robe (worn)
Magical Staves
 j - a staff of fire
 u - a staff of earth
Jewellery
 D - a +6 ring of strength
Wands
 g - a wand of roots (4)
 k - a wand of mindburst (4)
Scrolls
 f - 4 scrolls of silence {unknown}
 i - 2 scrolls of fog {unknown}
 l - 3 scrolls of blinking
 s - a scroll of enchant weapon {unknown}
 t - 3 scrolls of poison
 w - a scroll of immolation {unknown}
 y - a scroll of amnesia {unknown}
 C - a scroll of magic mapping {unknown}
Potions
 b - 3 potions of magic
 d - 3 potions of curing
 h - 2 potions of brilliance {unknown}
 m - 2 potions of flight {unknown}
 n - a potion of might {unknown}
 r - 2 potions of cancellation {unknown}
 v - a potion of mutation {unknown}
 x - a potion of haste
 A - 2 potions of lignification {unknown}


   Skills:
 + Level 8.0 Fighting
 - Level 1.7 Dodging
 - Level 1.4 Stealth
 - Level 3.5 Spellcasting
 + Level 7.0 Conjurations
 + Level 5.0 Hexes


You had 7 spell levels left.
You knew the following spells:

 Your Spells              Type           Power      Damage    Failure   Level
a - Magic Dart            Conj           100%       1d8       1%          1
b - Searing Ray           Conj           60%        2d6       1%          2
c - Fulminant Prism       Conj/Hex       13%        3d8       12%         4

Your spell library contained the following spells:

 Spells                   Type           Power      Damage    Failure   Level
 Kiss of Death            Conj/Necr      64%        2d10      3%          1
 Dazzling Flash           Conj/Hex       52%        N/A       3%          3
 Confusing Touch          Hex            22%        N/A       5%          3
 Summon Small Mammal      Summ           12%        N/A       14%         1
 Summon Guardian Golem    Hex/Summ       12%        N/A       16%         3
 Iskenderun's Mystic Bla  Conj/Tloc      16%        2d5       34%         4
 Call Canine Familiar     Summ           3%         N/A       41%         3
 Dispel Undead            Necr           3%         3d7       82%         4


Dungeon Overview and Level Annotations

Branches:
Dungeon (7/15)
 Temple: D:4-7

Altars:
Fedhas
Okawaru
Ru
Zin
The Shining One

Shops:
D:1 (*(!=   D:4 *


Innate Abilities, Weirdness & Mutations

You are too large for most types of armour.
You have tough skin. (AC +1)


Message History

Aiming: Fastroot
Press: ? - help, Shift-Dir - straight line, f - wight
Aim: a wight, wielding a +3 halberd and wearing a +0 robe The roots erupt in riotous growth!
Roots grab the wight. x2
The grasping roots constrict the wight. x2; The wight escapes! x2
The wight barely misses you.
A wight comes into view. It is wielding a +0 trident.
The wight hits you from afar with a +0 spear!
You feel drained.
Things that are here:
a +1 vampiric great sword; a +0 robe You closely miss the wight.
The wight is lightly damaged.
The wight hits you with a +3 halberd!
The wight hits you from afar with a +0 spear.
The wight closely misses you.
The wight hits you from afar with a +0 spear.
You slash the wight!
The wight is severely damaged.
The wight barely misses you.
The wight hits you from afar with a +0 spear.
You closely miss the wight.
The wight is severely damaged.
The wight hits you with a +3 halberd! The wight closely misses you.
The wight hits you with a +3 halberd.
* * * LOW HITPOINT WARNING * * *
You feel drained.
* * * LOW HITPOINT WARNING * * *
The wight hits you from afar with a +0 spear.
* * * LOW HITPOINT WARNING * * *
You feel drained.
* * * LOW HITPOINT WARNING * * *
You fade into invisibility!
The wight hits you with a +3 halberd!
* * * LOW HITPOINT WARNING * * *
You feel drained.
* * * LOW HITPOINT WARNING * * *
The wight hits you from afar with a +0 spear.
You die...

#.## .# .# #..# ..# .#
#..# #.# .# ..## #.# .#
..## #.###.## #. ...##
#....)##...
....##########
#..........
.............######.)...#
#..........##...@zzz...##
###################....#
##..## #..# #...# (z..#
.....# .....# #....##


You could see 3 wights.

Vanquished Creatures
  A steam dragon (D:7)
  2 water moccasins
  An ice beast (D:5)
  An ogre (D:6)
  A bullfrog (D:7)
  2 kobold brigands
  2 scorpions (D:5)
  2 wights (D:7)
  A howler monkey (D:4)
  2 jellies (D:6)
  An orc priest (D:6)
  5 hounds
  3 iguanas (D:5)
  2 orc wizards
  3 gnolls (D:2)
  11 adders
  A shadow imp (D:5)
  A white imp (D:3)
  2 ufetubi
  A worm (D:4)
  4 dart slugs
  9 orcs
  5 ball pythons
  6 bats
  6 endoplasms
  3 giant cockroaches (D:1)
  10 hobgoblins
  16 jackals
  3 quokkas
  3 frilled lizards (D:3)
  6 goblins
  13 kobolds
  6 rats
135 creatures vanquished.

Vanquished Creatures (others)
  7 fulminant prisms
  A plant (D:1)
8 creatures vanquished.

Grand Total: 143 creatures vanquished

Notes
Turn   | Place    | Note
-------+----------+-------------------------------------------
     0 | D:1      | hikkokomori the Ogre Conjurer began the quest for the Orb.
     0 | D:1      | Reached XP level 1. HP: 16/16 MP: 3/3
    14 | D:1      | Found Hepriox's Weapon Boutique.
    78 | D:1      | Found Xeite's Weapon Boutique.
   127 | D:1      | Reached XP level 2. HP: 26/26 MP: 1/5
   191 | D:1      | Found Hoonofru's Assorted Antiques.
   239 | D:1      | Reached skill level 1 in Fighting
   276 | D:1      | Found Hahibuwe's Jewellery Shop.
   818 | D:1      | Found Ralupt Ehot's Distillery.
   834 | D:1      | Bought a potion of curing for 42 gold pieces
   857 | D:1      | Reached XP level 3. HP: 33/33 MP: 4/7
  1027 | D:2      | Learned a level 2 spell: Searing Ray
  1229 | D:2      | Found a sacrificial altar of Ru.
  1273 | D:2      | Reached skill level 2 in Fighting
  1450 | D:2      | Reached XP level 4. HP: 42/42 MP: 1/8
  1924 | D:2      | Learned a level 4 spell: Fulminant Prism
  1958 | D:2      | Reached XP level 5. HP: 26/50 MP: 0/10
  2803 | D:3      | Reached skill level 3 in Fighting
  3109 | D:3      | Reached skill level 1 in Hexes
  3726 | D:4      | Found an iron altar of Okawaru.
  3748 | D:4      | Reached skill level 5 in Conjurations
  3767 | D:4      | Noticed a kobold brigand
  3774 | D:4      | Killed a kobold brigand
  3775 | D:4      | Reached skill level 4 in Fighting
  3775 | D:4      | Reached XP level 6. HP: 50/62 MP: 0/11
  4166 | D:4      | Found Liorghych's CLEARANCE SALE!.
  4228 | D:4      | Bought a scroll of blinking for 45 gold pieces
  4228 | D:4      | Bought a potion of haste for 60 gold pieces
  4263 | D:4      | Found a blossoming altar of Fedhas.
  4447 | D:5      | Entered Level 5 of the Dungeon
  4649 | D:5      | Found a glowing golden altar of the Shining One.
  4678 | D:5      | Found a glowing silver altar of Zin.
  4865 | D:5      | Reached skill level 5 in Fighting
  4865 | D:5      | Reached XP level 7. HP: 55/72 MP: 12/12
  5599 | D:5      | Reached skill level 6 in Fighting
  6067 | D:5      | Reached XP level 8. HP: 18/83 MP: 7/13
  6947 | D:6      | Reached skill level 7 in Fighting
  7885 | D:7      | Reached skill level 8 in Fighting
  7885 | D:7      | Reached skill level 5 in Hexes
  7890 | D:7      | HP: 1/79 [wight/+3 halberd (4)]
  7890 | D:7      | Slain by a wight

Illustrated notes

Levels and vault maps discovered:
D:1:      psy_arrival_statuary, layout_basic, serial_shops,
          nicolae_shop_behind_doors, nicolae_shop_hallway_stairs,
          nicolae_shop_window_shopping, shop, nicolae_shop_bloodbath_and_beyond,
          serial_forest, infiniplex_forest_lined_room_,
          infiniplex_forest_zigzag_2, infiniplex_forest_lined_ring,
          infiniplex_forest_lined_3_way, infiniplex_forest_end_2,
          infiniplex_forest_lined_room_3, infiniplex_forest_corner_2,
          infiniplex_forest_clump_diagonal, minmay_surrounded
D:2:      layout_loops_ring, basic_altar, st_stairs_6
D:3:      layout_basic
D:4:      layout_basic, kennysheep_mini_moat,
          mainiacjoe_overflow_surrounded_room, nicolae_shop_clearance
D:5:      wad_pebble_path, layout_gridville, mainiacjoe_overflow_two_lobes
D:6:      layout_basic
D:7:      layout_layer_cave, dk_yredelemnul_ordeal,
          mainiacjoe_overflow_tiny_flanked, temple_green

Skill      XL: |  1  2  3  4  5  6  7  8 |
---------------+-------------------------+-----
Fighting       | 1 2 4 5 6 8 |  8.0
Conjurations   | 4 5 6 7 |  7.0
Spellcasting   | 3 |  3.5
Hexes          | 1 2 3 5 |  5.0
Dodging        | |  1.7
Stealth        | |  1.4

Action                     |  1- 3 |  4- 6 |  7- 9 || total
---------------------------+-------+-------+-------++-------
  Melee: Club              |    38 |    31 |       ||    69
         Unarmed           |    15 |       |       ||    15
         War axe           |       |    67 |    32 ||    99
         Punch             |       |     2 |       ||     2
   Cast: Magic Dart        |    61 |   102 |     6 ||   169
         Searing Ray       |     1 |     8 |    19 ||    28
         Fulminant Prism   |       |       |     7 ||     7
  Evoke: Wand              |       |       |     3 ||     3
    Use: Scroll            |       |       |     1 ||     1
         Potion            |       |       |     1 ||     1
   Stab: Sleeping          |     1 |     1 |       ||     2
 Armour: Robe              |    35 |    52 |    12 ||    99
  Dodge: Dodged            |    43 |    93 |    45 ||   181

Table legend: (Time is in decaauts)
 A = Elapsed time spent in this place.
 B = Non-inter-level travel time spent in this place.
 C = Inter-level travel time spent in this place.
 D = Time resting spent in this place.
 E = Time spent auto-exploring this place.
 F = Levels seen in this place.
 G = Mean time per level.
                   A        B        C        D        E       F      G
               +--------+--------+--------+--------+--------+-----+--------+
         Total |   7962 |   7675 |    287 |   1307 |   5355 |   7 | 1137.4 |
       Dungeon |   7962 |   7675 |    287 |   1307 |   5355 |   7 | 1137.4 |
               +--------+--------+--------+--------+--------+-----+--------+

Top non-repeatable levels by time:
     D:5: 1896 daAuts
     D:6: 1464 daAuts
     D:2: 1364 daAuts
     D:3: 1164 daAuts
     D:1: 1046 daAuts
     D:4: 915 daAuts
     D:7: 110 daAuts
